cohdb
Replays
Latest Replays
All Replays
Popular Replays
Top Player Replays
Match Explorer
How It Works
Community
CoH3 Stats
Reddit
Sign in to upload your games and track your stats! →
Sign in with Steam
Match 42759082
Unlisted
Match 42759082
Overview
Messages
Build Orders
End
Panzergrenadier Squad
250 Light Carrier
250 Light Carrier
Construct Light Support Kompanie
Combat Half-tracks
Panzergrenadier Squad
Fire Support Elements
Panzerjäger Mechanized Group
Vehicle Survival Package
Selects Armored Support Battlegroup
Selects Veteran Gunners
Selects Salvage Kits
Tungsten Core Ammunition
Construct Panzerarmee Kommand
Armored Reserves
MG34 Team
Panzer IV Assault Group
Emergency Repair Kits
Rapid Advance
Panzer III L Medium Tank
Panzer IV Assault Group
Selects Panzer Storm
Selects Stuka Anti-tank Loiter
Selects Flammpanzer III Medium Tank
Walking Stuka Rocket Launcher
Advanced Field Repairs
Panzer III L Medium Tank
Selects Command Panzer IV F Medium Tank
Veteran Squad Leaders
Panzer IV Assault Group
Panzer Storm
Command Panzer IV F Medium Tank
打飞医保卡
MähnGiL
MIHua
饴果子
Dahlian
Random_Target
Bish Bash Bosh
Bass
0
0
Comments
sign in to comment!
No comments posted yet!